Map: Bel'Shir Vestige LE (Void)

Players

Railgan - Winner!

  • Race: Zerg Zerg
  • League: Grandmaster
  • Spawn Location: 11:00

SixPooL

  • Race: Zerg Zerg
  • League: Master
  • Spawn Location: 5:00

VOD

Have the link to the VOD?

Description

Time

  • Played on: Feb. 27, 2017, 4:58 p.m.
  • Length: 6:47
Show
View Real Time Build Order
Export as new Build Order

Railgan Zerg - Winner!

Build Orders: Hatch First 

Get SALT Encoding   

  12  0:01  Drone  
  13  0:12  Overlord  
  13  0:17  Drone  
  14  0:31  Drone x2  
  14  0:35  Drone  
  17  0:54  Drone  
  17  0:55  Hatchery  
  17  0:57  Drone  
  18  1:08  Extractor  
  17  1:12  Spawning Pool  
  17  1:17  Drone  
  17  1:19  Drone  
  18  1:28  Drone  
  19  1:39  Overlord  
  19  1:50  Drone  
  20  2:00  Queen  
  22  2:01  Zergling x2  
  22  2:07  Queen  
  26  2:08  Zergling x2  
  26  2:11  Drone  
  27  2:15  Metabolic Boost  
  27  2:18  Drone  
  27  2:22  Drone  
  29  2:33  Drone x2  
  31  2:37  Baneling Nest, Queen  
  31  2:39  Overlord  
  32  2:48  Queen  
  32  2:51  Drone  
  35  2:53  Drone  
  36  2:58  Overlord  
  36  3:05  Zergling x4  
  37  3:08  Drone  
  37  3:12  Drone x2  
  40  3:16  Drone  
  40  3:18  Drone  
  42  3:24  Drone x3  
  42  3:26  Baneling x2  
  44  3:28  Drone  
  44  3:30  Drone  
  46  3:36  Baneling  
  47  3:41  Zergling x4  
  47  3:42  Extractor, Roach Warren  
  46  3:50  Overlord  
  46  3:53  Zergling x6  
  48  4:06  Overlord  
  48  4:07  Overlord  
  48  4:12  Drone x2  
  48  4:13  Drone, Hatchery  
  48  4:14  Drone  
  51  4:19  Baneling x3  
  51  4:21  Roach  
  51  4:22  Roach  
  55  4:24  Roach  
  57  4:32  Roach  
  57  4:33  Roach x2  
  57  4:35  Baneling x2  
  63  4:43  Roach x3  
  63  4:45  Overlord  
  69  4:53  Roach  
  69  4:57  Roach  
  73  5:05  Roach x2  
  77  5:12  Roach  
  79  5:21  Roach x4  
  82  5:24  Zergling x2  
  82  5:25  Overlord x2  
  82  5:26  Queen  
  85  5:32  Overlord  
  85  5:34  Zergling x4  
  87  5:39  Zergling x2  
  87  5:40  Zergling x2  
  89  5:44  Roach  
  89  5:46  Drone x2  
  89  5:47  Roach  
  95  5:51  Evolution Chamber  
  95  5:52  Zergling x2  
  95  5:53  Zergling x4  
  95  5:56  Baneling  
  97  5:57  Baneling x4  
  97  6:05  Zergling x2  
  97  6:06  Zergling x12  
  104  6:15  Drone  
  104  6:18  Drone x2  
  107  6:28  Baneling x2  
  107  6:29  Baneling, Zergling x2  
  107  6:30  Zergling x8  
  107  6:31  Drone  
  113  6:33  Extractor  
Show
View Real Time Build Order
Export as new Build Order

SixPooL Zerg 

Build Orders: Hatch First, Zergling Baneling 

Get SALT Encoding   

  12  0:00  Drone  
  13  0:15  Overlord  
  13  0:17  Drone  
  14  0:33  Drone x2  
  16  0:37  Drone  
  17  0:54  Drone  
  17  0:55  Hatchery  
  17  1:00  Drone  
  17  1:03  Extractor  
  17  1:13  Spawning Pool  
  17  1:17  Spawning Pool  
  16  1:19  Drone  
  16  1:23  Drone  
  18  1:32  Drone  
  19  1:41  Overlord  
  19  2:00  Drone  
  20  2:05  Metabolic Boost  
  20  2:06  Queen  
  20  2:07  Queen  
  24  2:15  Drone x2  
  26  2:16  Drone  
  26  2:20  Drone  
  28  2:26  Drone  
  29  2:32  Zergling x2  
  29  2:35  Zergling x2  
  31  2:41  Drone  
  32  2:47  Drone  
  33  2:54  Drone  
  34  3:03  Drone x2  
  35  3:09  Drone  
  35  3:12  Evolution Chamber  
  35  3:13  Drone  
  35  3:14  Evolution Chamber  
  35  3:16  Drone  
  36  3:28  Overlord  
  36  3:32  Overlord x2  
  36  3:40  Baneling Nest  
  35  3:44  Zerg Melee Weapons Level 1  
  35  3:48  Spine Crawler  
  35  3:49  Zergling x4  
  35  3:50  Queen x2  
  35  3:51  Zergling x6  
  35  3:52  Zergling x2  
  44  4:00  Zergling x2  
  45  4:04  Zergling x4  
  45  4:05  Zergling x2  
  48  4:19  Zergling x4  
  48  4:23  Baneling x3  
  48  4:24  Baneling  
  50  4:25  Zergling x2  
  51  4:43  Drone x2  
  51  4:45  Overlord  
  51  4:48  Overlord  
  51  4:55  Baneling x5  
  51  4:56  Baneling x2, Hatchery  
  51  4:58  Zergling x2  
  51  5:00  Overlord  
  51  5:07  Overlord  
  51  5:08  Drone x2  
  51  5:09  Drone x4  
  57  5:19  Drone x4  
  51  5:27  Lair  
  51  5:30  Extractor, Drone x2  
  51  5:34  Drone  
  53  5:40  Drone x3  
  56  5:45  Zergling x2  
  54  5:51  Spine Crawler  
  54  5:52  Spine Crawler  
  54  5:56  Zergling x6  
  54  5:57  Spine Crawler  
  54  6:01  Extractor  
  54  6:02  Extractor, Zergling x6  
  54  6:06  Overlord  
  54  6:08  Zergling x2  
  53  6:26  Zergling x12  
  53  6:27  Zergling x2  
Tags
 
Add a new tag
Caveats
  • Supply blocks, unpowered buildings, or Contaminate may cause inaccurate times.
  • Supply counts are checked every 10 seconds.